 Dungeon Crawl Stone Soup version 0.29.0 (webtiles) character file.

Game seed: 5804171168302571646

79 bonscott the Grave Robber (level 4, -5/24 HPs)
             Began as a Deep Elf Necromancer on Sept 11, 2022.
             Slain by Terence
             ... wielding a +0 flail
              (7 damage)
             ... on level 2 of the Dungeon.
             The game lasted 00:05:51 (1678 turns).

bonscott the Grave Robber (Deep Elf Necromancer)    Turns: 1678, Time: 00:05:52

Health: -5/24      AC:  2    Str:  5    XL:     4   Next: 16%
Magic:  6/12       EV: 12    Int: 22    God:
Gold:   167        SH:  0    Dex: 15    Spells: 11/12 levels left

rFire   . . .      SeeInvis .   k - +0 sling
rCold   . . .      Faith    .   (no shield)
rNeg    . . .      Spirit   .   a - +0 robe
rPois   .          Reflect  .   (no helmet)
rElec   .          Harm     .   (no cloak)
rCorr   .          Rampage  .   (no gloves)
Will    .....                   (no boots)
Stlth   ++........              (no amulet)
HPRegen 0.08/turn               (no ring)
MPRegen 0.13/turn               (no ring)

@: no status effects
A: no striking features
a: no special abilities


You were on level 2 of the Dungeon.
You visited 1 branch of the dungeon, and saw 2 of its levels.

You collected 167 gold pieces.

Inventory:

Hand Weapons
 j - a +0 quarterstaff
 k - a +0 sling (weapon)
Missiles
 e - 6 poisoned darts
 g - 19 stones
 m - 3 javelins
Armour
 a - a +0 robe (worn)
Scrolls
 c - a scroll of identify
 f - a scroll of noise {unknown}
 h - a scroll of teleportation {unknown}
 i - a scroll of enchant weapon {unknown}
 o - a scroll of acquirement {unknown}
Potions
 b - a potion of magic
 d - a potion of might
 l - a potion of attraction
 n - a potion of curing {unknown}
 p - a potion of mutation {unknown}
 q - a potion of flight {unknown}


   Skills:
 - Level 2.4 Dodging
 - Level 2.4 Stealth
 + Level 4.8 Spellcasting
 + Level 5.9 Necromancy


You had 11 spell levels left.
You knew the following spells:

 Your Spells              Type           Power      Damage    Failure   Level
i - Necrotise             Necr           100%       1d9       1%          1

Your spell library contained the following spells:

 Spells                   Type           Power      Damage    Failure   Level
 Vampiric Draining        Necr           31%        2d8       2%          3
 Animate Dead             Necr           31%        N/A       9%          4
 Agony                    Necr           31%        N/A       24%         5


Dungeon Overview and Level Annotations

Branches:
Dungeon (2/15)

Altars:
Sif Muna

Annotations:
D:2 Terence


Message History

Terence the Incautious comes into view.
He is wielding a +0 flail.
You see here a +0 robe.
You shoot a sling bullet. The sling bullet hits Terence.
Terence shouts!
Terence is moderately wounded.
You hear an angry hiss.
An adder comes into view.
The adder writhes in agony.
The adder closely misses you.
The adder barely resists.
The adder closely misses you.
The adder writhes in agony!
The adder barely misses you. The adder bites you.
You are poisoned.
The adder poisons you!
The adder writhes in agony!
You kill the adder!
The dead are slithering!
You feel sick.
Terence barely resists.
You feel sick. Terence hits you with a +0 flail!
Terence writhes in agony.
You feel sick. Terence hits you with a +0 flail!
* * * LOW HITPOINT WARNING * * *
Your adder skeleton bites Terence but does no damage.
You are too injured to fight recklessly!
Casting: Necrotise (safe; 1% risk of failure)
Confirm with . or Enter, or press ? or * to list all spells.
Aiming: Necrotise (safe; 1% risk of failure)
Press: ? - help, Shift-Dir - straight line, f/p - Terence
Aim: Terence, wielding a +0 flail and wearing a +0 ring mail (moderately wounded, ally target, chance to affect: 88%)
Okay, then.
Okay, then.
Unknown command.
Okay, then.
Unknown command.
Casting: Necrotise (safe; 1% risk of failure)
Confirm with . or Enter, or press ? or * to list all spells.
Aiming: Necrotise (safe; 1% risk of failure)
Press: ? - help, Shift-Dir - straight line, f/p - Terence
Aim: Terence, wielding a +0 flail and wearing a +0 ring mail (moderately wounded, ally target, chance to affect: 88%) Terence writhes in agony!
You feel sick.
You are no longer poisoned.
Your adder skeleton bites Terence but does no damage.
Terence hits you with a +0 flail!
You die...

. # #.#### .#
#...?.####.###. ..
............... .. #
............@.. . .
#.Z#..# .### .## ##@#..#
....## #.. #@#....#......
#.# #.#.##.#.....###.#
#.#.##...._....... #####
#...###........... #...#
##................
#...######.#..#.#........
#...............##....<..
##.######..#.#...#.......
#.# #.##.#.^.........


You could see Terence (ally target) and a friendly adder skeleton.

Vanquished Creatures
  3 adders (D:2)
  A gnoll (D:1)
  A worm (D:2)
  3 bats
  6 endoplasms
  2 giant cockroaches (D:1)
  A goblin (D:1)
  3 hobgoblins
  4 quokkas
  2 ball pythons (D:1)
  2 frilled lizards (D:2)
  2 kobolds (D:2)
  7 rats
37 creatures vanquished.

Vanquished Creatures (collateral kills)
  A ball python (D:2)
1 creature vanquished.

Grand Total: 38 creatures vanquished

Notes
Turn   | Place    | Note
-------+----------+-------------------------------------------
     0 | D:1      | bonscott the Deep Elf Necromancer began the quest for the
                  | Orb.
     0 | D:1      | Reached XP level 1. HP: 10/10 MP: 6/6
   249 | D:1      | Reached skill level 5 in Necromancy
   344 | D:1      | Reached XP level 2. HP: 15/15 MP: 5/8
   817 | D:1      | Found a faded altar of an unknown god.
   855 | D:1      | Reached XP level 3. HP: 19/19 MP: 8/10
  1230 | D:2      | Found a shimmering blue altar of Sif Muna.
  1615 | D:2      | Reached XP level 4. HP: 24/24 MP: 10/12
  1668 | D:2      | Noticed Terence
  1678 | D:2      | Slain by Terence

Illustrated notes

Levels and vault maps discovered:
D:1:      dpeg_arrival_round_b, layout_loops_corners,
          hellmonk_ecumenical_altar_pennies_from_heaven
D:2:      layout_rooms, basic_altar, uniq_terence

Skill      XL: |  1  2 |
---------------+-------+-----
Necromancy     | 5 |  5.9
Spellcasting   | 4 |  4.8
Dodging        | |  2.4
Stealth        | |  2.4

Action                   |  1- 3 |  4- 6 || total
-------------------------+-------+-------++-------
 Fire: Sling             |    12 |     3 ||    15
 Cast: Necrotise         |    62 |     7 ||    69
  Use: Scroll            |     2 |       ||     2
Armor: Robe              |     3 |       ||     3
Dodge: Dodged            |     2 |     3 ||     5
